 Dungeon Crawl Stone Soup version 0.23-a0-130-g0e7800e (webtiles) character file.

245 Amnesiac the Gusty (level 5, -2/35 HPs)
             Began as a Mummy Air Elementalist on Aug 27, 2018.
             Was a Follower of Dithmenos.
             Slain by a slave (7 damage)
             ... led by Pikel
             ... on level 3 of the Dungeon.
             The game lasted 00:04:46 (2499 turns).

Amnesiac the Gusty (Mummy Air Elementalist)         Turns: 2499, Time: 00:04:47

Health: -2/35      AC:  2    Str: 11    XL:     5   Next: 84%
Magic:  3/11       EV: 12    Int: 16    God:    Dithmenos [*.....]
Gold:   99         SH:  0    Dex: 16    Spells: 6/13 levels left

rFire    . . .     SeeInvis .   a - +2 dagger (venom)
rCold    . . .     Gourm    .   (no shield)
rNeg     + + +     Faith    .   c - +0 robe
rPois    ∞         Spirit   .   (no helmet)
rElec    .         Reflect  .   (no cloak)
rCorr    .         Harm     .   (no gloves)
MR       .....                  (no boots)
Stlth    ++........             (no amulet)
HPRegen  0.11/turn              f - ring of fire
MPRegen  0.12/turn              j - +4 ring of dexterity

@: very slightly contaminated, wreathed by umbra
A: no food or potions, fire vulnerability, cold resistance 1, negative energy
resistance 3, torment resistance, unbreathing
a: Renounce Religion


You were on level 3 of the Dungeon.
You worshipped Dithmenos.
Dithmenos was aware of your devotion.
You were not hungry.

You visited 1 branch of the dungeon, and saw 4 of its levels.

You collected 99 gold pieces.

Inventory:

Hand Weapons
 a - a +2 dagger of venom (weapon)
Armour
 c - a +0 robe (worn)
 i - a +0 helmet
Jewellery
 f - a ring of fire (left hand)
 j - a +4 ring of dexterity (right hand)
Scrolls
 b - 3 scrolls of identify {!r}
 d - 2 scrolls of remove curse {!r}
 e - a scroll of fog {!r, unknown}
 g - a scroll of noise {!r, unknown}
 h - 3 scrolls of teleportation {!r, unknown}
 k - a scroll of magic mapping {!r, unknown}


   Skills:
 - Level 1.5 Dodging
 - Level 1.5 Stealth
 + Level 4.6 Spellcasting
 - Level 0.7 Conjurations
 * Level 4.8 Air Magic


You had 6 spell levels left.
You knew the following spells:

 Your Spells              Type           Power        Failure   Level  Hunger
a - Shock                 Conj/Air       ##..         4%          1    N/A
d - Airstrike             Air            ###.......   22%         4    N/A
z - Swiftness             Chrm/Air       ##......     9%          2    N/A

Your spell library contained the following spells:

 Spells                   Type           Power        Failure   Level  Hunger
 Static Discharge         Conj/Air       ##......     16%         3    N/A
 Lightning Bolt           Conj/Air       ##........   80%         5    N/A

Dungeon Overview and Level Annotations

Branches:
Dungeon (4/15)
 Temple: D:4-7

Altars:
Dithmenos
Okawaru
Uskayaw
Xom
Zin
The Shining One

Annotations:
D:4 Pikel


Innate Abilities, Weirdness & Mutations

You do not eat or drink.
Your flesh is vulnerable to fire.
You are immune to poison.
Your flesh is cold resistant. (rC+)
You are immune to negative energy. (rN+++)
You are immune to unholy pain and torment.
You can survive without breathing.


Message History

You climb downwards.
Pikel the Slaver comes into view.
He is wielding a whip of electrocution.
The worker ant closely misses you. The slave closely misses you.
The worker ant bites you! The slave closely misses you.
Pikel moves out of view.
There is a stone staircase leading up here.
The worker ant closely misses you. The slave closely misses you.
You climb upwards.
There is a stone staircase leading down here.
You hit the slave.
The slave is poisoned.
The slave is lightly wounded.
The slave closely misses you.
You hit the slave.
The slave is lightly wounded.
The slave hits you!
You hit the slave.
The slave looks as sick as possible!
The slave is lightly wounded.
The slave hits you!
* * * LOW HITPOINT WARNING * * *
You hit the slave.
The slave looks as sick as possible!
The slave is moderately wounded.
The slave hits you!
* * * LOW HITPOINT WARNING * * *
You are too injured to fight recklessly!
You hit the slave but do no damage.
The slave looks as sick as possible!
The slave is moderately wounded.
The slave closely misses you.
Casting: Shock (safe; 4% risk of failure)
Confirm with . or Enter, or press ? or * to list all spells.
Aiming: Airstrike (slightly dangerous; 22% risk of failure)
Press: ? - help, Dir - move target cursor, f - slave
Aim: a slave, wearing an animal skin (heavily wounded, poisoned, umbra)
You miscast Airstrike.
You are very lightly contaminated with residual magic.
You hear a crackling sound.
The slave misses you.
Unknown command.
Casting: Airstrike (slightly dangerous; 22% risk of failure)
Confirm with . or Enter, or press ? or * to list all spells.
Aiming: Airstrike (slightly dangerous; 22% risk of failure)
Press: ? - help, Dir - move target cursor, f/p - slave
Aim: a slave, wearing an animal skin (severely wounded, poisoned, umbra)
You miscast Airstrike.
You feel a strange surge of energy! The slave completely misses you.
Unknown command.
Casting: Airstrike (slightly dangerous; 22% risk of failure)
Confirm with . or Enter, or press ? or * to list all spells.
You don't have enough magic to cast that spell.
Unknown command.
You barely miss the slave.
The slave is severely wounded.
The slave barely misses you.
Unknown command.
You closely miss the slave.
The slave is severely wounded.
The worker ant waves its antennae.
The slave closely misses you.
Unknown command.
You aren't carrying any items that you can evoke.
Okay, then.
You hit the slave but do no damage.
The slave is severely wounded.
The slave hits you!
You die...

#### ...# #######
##.######.....####
..............ap@#
.#.#.#...!....####
.#.#.#...######
.#.#.#..(#
##.#.#...#
.#....#.#####
.#..........#
<#..........#
##)......####


You could see a slave and a worker ant.

Vanquished Creatures
  A slave (D:3)
  An ogre (D:4)
  An orc priest (D:4)
  An orc wizard (D:4)
  A worker ant (D:3)
  A worm (D:3)
  4 dart slugs
  4 leopard geckos
  An orc (D:4)
  A ball python (D:1)
  6 giant cockroaches
  11 goblins
  3 hobgoblins (D:1)
  3 jackals (D:3)
  4 quokkas
  9 bats
  5 frilled lizards
  6 kobolds
  3 rats (D:2)
66 creatures vanquished.

Notes
Turn   | Place    | Note
-------+----------+-------------------------------------------
     0 | D:1      | Amnesiac the Mummy Air Elementalist began the quest for the
                  | Orb.
     0 | D:1      | Reached XP level 1. HP: 13/13 MP: 4/4
    52 | D:1      | Reached XP level 2. HP: 7/19 MP: 3/5
   403 | D:3      | Reached XP level 3. HP: 10/24 MP: 7/7
   677 | D:3      | Found a hide-covered altar of Uskayaw.
   677 | D:3      | Found a glowing golden altar of the Shining One.
   682 | D:3      | Found a glowing silver altar of Zin.
   684 | D:3      | Found an iron altar of Okawaru.
   685 | D:3      | Found a shadowy altar of Dithmenos.
   705 | D:3      | Became a worshipper of Dithmenos the Shadowed
   926 | D:1      | Reached XP level 4. HP: 5/30 MP: 1/9
   978 | D:1      | Learned a level 4 spell: Airstrike
   981 | D:1      | Learned a level 2 spell: Swiftness
  2017 | D:3      | Found a shimmering altar of Xom.
  2057 | D:3      | Reached * piety under Dithmenos
  2203 | D:4      | Reached XP level 5. HP: 24/35 MP: 1/11
  2289 | D:4      | Noticed an ogre
  2312 | D:4      | Noticed a slave
  2312 | D:4      | Noticed a slave
  2333 | D:4      | Killed an ogre
  2340 | D:3      | Killed a slave
  2487 | D:4      | Noticed Pikel
  2499 | D:3      | Slain by a slave

Vault maps used:
D:1:      dpeg_arrival_shelter
D:2:      first_ration
D:3:      chequers_temple_overflow_minitemple, xom_teletrap_fun, uniq_natasha
D:4:      hex_tiny, serial_park_tiny_1, uniq_pikel, uniq_blork_the_orc

Skill      XL: |  1  2  3  4 |
---------------+-------------+-----
Air Magic      | 3 4 |  4.8
Spellcasting   | 3 4 |  4.6
Dodging        | |  1.5
Stealth        | |  1.5
Conjurations   | |  0.7

Action                   |  1- 3 |  4- 6 || total
-------------------------+-------+-------++-------
Melee: Dagger            |    78 |    64 ||   142
 Cast: Shock             |    18 |    24 ||    42
       Airstrike         |       |     4 ||     4
  Use: Scroll            |     4 |       ||     4
 Stab: Sleeping          |     1 |     2 ||     3
       Distracted        |     1 |       ||     1
Armor: Robe              |     6 |    16 ||    22
Dodge: Dodged            |    58 |    49 ||   107

Table legend:
 A = Non-vault XP
 B = Vault XP
 C = Vault XP percentage of total XP
 D = Non-vault monster count
 E = Vault monster count
 F = Vault count percentage of total count
                 A         B        C        D         E       F
            +---------+---------+-------+---------+---------+-------
      Total |     351 |       0 |   0.0 |      65 |       0 |   0.0
            +---------+---------+-------+---------+---------+-------
        D:1 |      55 |       0 |   0.0 |      26 |       0 |   0.0
        D:2 |      24 |       0 |   0.0 |      13 |       0 |   0.0
        D:3 |      66 |       0 |   0.0 |      20 |       0 |   0.0
        D:4 |     206 |       0 |   0.0 |       6 |       0 |   0.0
            +---------+---------+-------+---------+---------+-------
